 Dungeon Crawl Stone Soup version 0.32-a0-131-g9dbbe29261 (webtiles) character file.

Game seed: 1045785697713809875

28856 Dittersdorf the Fighter (level 13, -1/87 HPs)
             Began as a Gargoyle Fighter on Feb 8, 2024.
             Was an Initiate of Gozag.
             Slain by an elephant (13 damage)
             ... on level 3 of the Lair of Beasts.
             The game lasted 00:16:16 (12286 turns).

Dittersdorf the Fighter (Gargoyle Fighter)         Turns: 12286, Time: 00:16:17

Health: -1/87      AC: 32    Str: 25    XL:     13   Next: 41%
Magic:  13/13      EV: 12    Int:  9    God:    Gozag
Gold:   3354       SH:  9    Dex:  9    Spells: 12/12 levels left

rFire   . . .        p - +2 flail (heavy)
rCold   . . .        f - +3 buckler {AC+3}
rNeg    + . .        g - +0 plate armour
rPois   ∞            (no helmet)
rElec   +            m - +1 cloak
rCorr   .            (no gloves)
SInv    .            D - +0 pair of boots {Stlth+}
Will    +....        j - amulet of regeneration Stlth
                     n - ring of willpower
HPRegen 1.14/turn    r - +5 ring of evasion
MPRegen 0.13/turn

%: no passive effects
@: gold aura
A: sickness immunity, AC +9, negative energy resistance 1, electricity
resistance, torment resistance 1, petrification resistance
a: Renounce Religion, Potion Petition, Call Merchant, Bribe Branch


You were on level 3 of the Lair of Beasts.
You worshipped Gozag.
Gozag was most pleased with you.
You visited 3 branches of the dungeon, and saw 14 of its levels.
You also visited: Sewer and Ossuary.

You collected 3425 gold pieces.
You paid 71 gold pieces to Gozag.

Inventory:

Hand Weapons
 p - a +2 heavy flail (weapon)
Missiles
 v - a throwing net
Armour
 f - a +3 buckler of protection (worn)
 g - a +0 plate armour (worn)
 m - a +1 cloak (worn)
 D - a +0 pair of boots of stealth (worn)
Magical Staves
 E - a staff of earth
Jewellery
 a - a ring of protection from cold
 j - an amulet of regeneration (around neck)
 n - a ring of willpower (left hand)
 r - a +5 ring of evasion (right hand)
Wands
 I - a wand of light (2) (quivered)
Scrolls
 b - 2 scrolls of brand weapon
 e - 3 scrolls of teleportation
 k - 2 scrolls of acquirement {unknown}
 s - 2 scrolls of revelation {unknown}
 t - a scroll of fog {unknown}
 x - a scroll of enchant weapon {unknown}
 y - 2 scrolls of poison {unknown}
 z - 5 scrolls of fear {unknown}
 A - 3 scrolls of silence {unknown}
 B - 2 scrolls of summoning
 C - a scroll of blinking {unknown}
 F - a scroll of noise {unknown}
 H - a scroll of vulnerability
Potions
 c - a potion of brilliance
 d - 3 potions of might
 h - 8 potions of magic
 i - 6 potions of haste
 l - 13 potions of curing
 o - a potion of resistance
 q - 3 potions of enlightenment {unknown}
 u - 3 potions of mutation {unknown}
 w - 2 potions of attraction {unknown}
 G - a potion of heal wounds
 J - a potion of cancellation {unknown}


   Skills:
 + Level 12.8 Fighting
 + Level 11.5 Maces & Flails
 + Level 12.8 Armour
 + Level 12.8 Shields


You had 12 spell levels left.
You didn't know any spells.
Your spell library contained the following spells:

 Spells                   Type           Power      Damage    Failure   Level
 Apportation              Tloc           0%         N/A       98%         1
 Magic Dart               Conj           0%         1d3       98%         1
 Necrotise                Necr           0%         1d4       98%         1
 Sandblast                Erth           0%         2d4       98%         1
 Shock                    Conj/Air       0%         1d3       98%         1
 Sting                    Conj/Alch      0%         1d3       98%         1
 Summon Small Mammal      Summ           0%         N/A       98%         1
 Ensorcelled Hibernation  Hex/Ice        0%         N/A       99%         2
 Jinxbite                 Hex            0%         N/A       99%         2
 Searing Ray              Conj           0%         2d4       99%         2
 Call Canine Familiar     Summ           0%         N/A       100%        3
 Frozen Ramparts          Ice            0%         1d1       100%        3
 Fugue of the Fallen      Necr           0%         N/A       100%        3
 Anguish                  Hex/Necr       0%         N/A       100%        4
 Fulminant Prism          Conj/Alch      0%         3d5       100%        4
 Leda's Liquefaction      Alch/Erth      0%         N/A       100%        4
 Petrify                  Alch/Erth      0%         N/A       100%        4
 Summon Blazeheart Golem  Fire/Summ      0%         N/A       100%        4
 Alistair's Intoxication  Alch           0%         N/A       100%        5
 Irradiate                Conj/Alch      0%         3d11      100%        5
 Metabolic Englaciation   Hex/Ice        0%         N/A       100%        5
 Sublimation of Blood     Necr           Unusable   N/A       N/A         2

Dungeon Overview and Level Annotations

Branches:
Dungeon (10/15)            Temple (1/1) D:4            Lair (3/5) D:9
 Shoals (0/4) Lair:2        Snake (0/4) Lair:3        Sewer (visited)
Ossuary (visited)
    Orc: D:9-12

Altars:
Ashenzari
Cheibriados
Dithmenos
Elyvilon
Fedhas
Gozag
Hepliaklqana
Kikubaaqudgha
Makhleb
Nemelex Xobeh
Okawaru
Qazlal
Ru
Sif Muna
Trog
Uskayaw
Vehumet
Wu Jian
Xom
Yredelemnul
Zin
The Shining One


Innate Abilities, Weirdness & Mutations

You are immune to sickness and miasma.
Your stone body is resilient. (AC +9)
You are immune to poison.
You resist negative energy. (rN+)
You are resistant to electric shocks. (rElec)
You are resistant to unholy torment.
You are immune to petrification.


Message History

You hit the elephant.
The elephant is lightly wounded.
The elephant is no longer distracted by gold.
The elephant tramples you.
* * * LOW HITPOINT WARNING * * *
You hold your ground!
The elephant closely misses you.
The elephant tramples you but does no damage.
The elephant trunk-slaps you but does no damage.
You block the elephant's attack. The elephant barely misses you.
The elephant tramples you but does no damage.
The elephant closely misses you.
The elephant tramples you but does no damage.
The elephant trunk-slaps you but does no damage.
You bludgeon the elephant!!
The elephant is heavily wounded.
You block the elephant's attack. The elephant misses you.
The elephant tramples you!
* * * LOW HITPOINT WARNING * * *
You hold your ground!
The elephant trunk-slaps you but does no damage.
The elephant barely misses you. The elephant trunk-slaps you.
* * * LOW HITPOINT WARNING * * *
The elephant tramples you but does no damage.
The elephant trunk-slaps you but does no damage.
The elephant tramples you but does no damage.
The elephant trunk-slaps you but does no damage.
You sock the elephant!
The elephant is severely wounded.
You block the elephant's attack. x2
The elephant tramples you but does no damage.
The elephant closely misses you. The elephant misses you.
The elephant barely misses you. The elephant misses you.
The elephant trunk-slaps you but does no damage.
The elephant tramples you but does no damage.
The elephant closely misses you.
You feel better. The elephant barely misses you. The elephant trunk-slaps you.
* * * LOW HITPOINT WARNING * * *
The elephant tramples you!
You die...
Your body crumbles into a pile of gold.

### #..####+## .#P.......#
..........+ ........YY# ..
#......$Y@# .... #.+...YY#
####.. #....#### #.##.#
#.P#....# ##..<.##
####..#.# #..#.#.#
##.......# ##.#.#..#
#.........^#####.......###
#..#........##............
.. #.......##..#........P.


You could see 5 elephants.

Vanquished Creatures
  A hydra (Lair:2)
  2 two-headed ogres
  3 death yaks (Lair:1)
  Sonja (D:10)
  A skyshark (Lair:3)
  Pikel (D:6)
  An oklob plant (Lair:3)
  Maurice (D:7)
  11 elephants (Lair:3)
  A merfolk siren (Lair:2)
  A black mamba (Lair:3)
  8 cane toads
  2 torpor snails (Lair:1)
  2 kobold demonologists (D:10)
  2 rime drakes (Lair:2)
  4 komodo dragons
  3 hornets
  Sigmund (D:2)
  4 wyverns (D:9)
  23 yaks
  4 steam dragons
  3 basilisks
  Grum (Lair:1)
  5 nagas (Lair:3)
  2 acid dragons
  9 water moccasins
  A sky beast (D:7)
  2 black bears
  2 ice beasts (D:6)
  13 wolves (Lair:1)
  3 centaurs
  An ogre (D:5)
  5 phantoms
  A lemure (D:6)
  5 kobold brigands
  8 bullfrogs
  A gnoll sergeant (D:8)
  6 scorpions
  10 wights
  14 killer bees
  2 electric eels
  A howler monkey (D:9)
  A bombardier beetle (D:5)
  3 bullfrog zombies (Ossuary)
  4 hounds
  4 jellies
  2 quasits (D:8)
  Crazy Yiuf (D:2)
  An orc priest (D:10)
  A gnoll bouda (D:9)
  2 sleepcaps
  Jessica (D:2)
  Terence (D:2)
  An iguana (D:6)
  5 orc wizards
  6 hell rats (Lair:2)
  2 killer bee zombies (Ossuary)
  2 crocodile zombies (Ossuary)
  3 hound zombies (Ossuary)
  9 mummies
  3 howler monkey zombies (Ossuary)
  14 adders
  16 gnolls
  3 shadow imps
  7 white imps
  6 ufetubi
  11 dart slugs
  27 orcs
  10 endoplasms
  19 giant cockroaches
  10 hobgoblins
  9 jackals
  7 quokkas
  9 ball pythons
  3 ball python zombies (Ossuary)
  6 bats
  9 frilled lizards
  8 goblins
  27 kobolds
  5 rats
430 creatures vanquished.

Vanquished Creatures (others)
  A hell rat (Lair:2)
1 creature vanquished.

Grand Total: 431 creatures vanquished

Notes
Turn   | Place    | Note
-------+----------+-------------------------------------------
     0 | D:1      | Dittersdorf the Gargoyle Fighter began the quest for the
                  | Orb.
     0 | D:1      | Reached XP level 1. HP: 14/14 MP: 1/1
    36 | D:1      | Reached XP level 2. HP: 8/19 MP: 2/2
   234 | D:1      | Reached XP level 3. HP: 23/23 MP: 3/3
   750 | D:2      | Reached XP level 4. HP: 25/29 MP: 4/4
   774 | D:2      | Noticed Sigmund
   781 | D:2      | Killed Sigmund
   782 | D:2      | Reached XP level 5. HP: 34/34 MP: 5/5
   821 | D:2      | Noticed Terence
   829 | D:2      | Killed Terence
   830 | D:2      | Reached XP level 6. HP: 39/39 MP: 6/6
   830 | D:2      | Noticed Jessica
   842 | D:2      | Killed Jessica
  1356 | D:2      | Found a runed translucent door.
  1357 | D:2      | Noticed Crazy Yiuf
  1369 | D:2      | Killed Crazy Yiuf
  1752 | D:3      | Found a glowing drain.
  1787 | Sewer    | Entered a sewer
  1902 | Sewer    | Reached skill level 5 in Armour
  1960 | Sewer    | Reached skill level 5 in Fighting
  1960 | Sewer    | Reached skill level 5 in Shields
  2041 | Sewer    | Reached XP level 7. HP: 43/44 MP: 7/7
  2679 | D:4      | Identified the +8 spear "Coroyparch" {heavy, Will- rCorr
                  | Str+6 Stlth+}
  2871 | D:4      | Found a staircase to the Ecumenical Temple.
  2881 | Temple   | Entered the Ecumenical Temple
  2936 | D:4      | Found an opulent altar of Gozag.
  2942 | D:4      | Became a worshipper of Gozag Ym Sagoz the Greedy
  3214 | D:4      | Reached XP level 8. HP: 51/51 MP: 8/8
  3323 | D:4      | You fall into a shaft and drop 2 floors!
  3368 | D:6      | Reached skill level 5 in Maces & Flails
  3383 | D:6      | Found a hazy altar of Hepliaklqana.
  3440 | D:6      | Found a faded altar of an unknown god.
  3440 | D:6      | Found a faded altar of an unknown god.
  3445 | D:6      | Found a hide-covered altar of Uskayaw.
  3447 | D:6      | Found an iron altar of Okawaru.
  3448 | D:6      | Found a glowing golden altar of the Shining One.
  3479 | D:6      | Found a sand-covered staircase.
  3487 | Ossuary  | Entered an ossuary
  3955 | D:6      | Reached XP level 9. HP: 56/56 MP: 9/9
  4167 | D:5      | Entered Level 5 of the Dungeon
  4480 | D:5      | Found an ornate altar of the Wu Jian Council.
  5446 | D:6      | Noticed Pikel
  5457 | D:6      | Paralysed by Pikel for 3 turns
  5465 | D:6      | Killed Pikel
  6088 | D:7      | Reached XP level 10. HP: 64/64 MP: 10/10
  6119 | D:7      | Found an ancient bone altar of Kikubaaqudgha.
  6678 | D:7      | Noticed Maurice
  6688 | D:7      | Paralysed by something for 2 turns
  6695 | D:7      | Something stole 2 throwing nets
  6696 | D:7      | Something stole a ring of protection from cold
  6700 | D:7      | Something stole a throwing net
  6714 | D:7      | Killed Maurice
  6768 | D:7      | Found a sparkling altar of Nemelex Xobeh.
  8040 | D:9      | Found a staircase to the Lair.
  8066 | D:9      | Reached XP level 11. HP: 67/71 MP: 11/11
  8194 | D:9      | Reached skill level 10 in Fighting
  8194 | D:9      | Reached skill level 10 in Armour
  8196 | D:9      | Noticed a two-headed ogre
  8197 | D:9      | Reached skill level 10 in Shields
  8269 | D:8      | Killed a two-headed ogre
  8388 | D:9      | Found a radiant altar of Vehumet.
  8540 | D:9      | Found a sacrificial altar of Ru.
  8734 | D:10     | Entered Level 10 of the Dungeon
  8753 | D:10     | Noticed a two-headed ogre
  8816 | D:9      | Killed a two-headed ogre
  8976 | D:10     | Noticed a soul eater
  9207 | D:10     | Noticed Sonja
  9222 | D:10     | Killed Sonja
  9266 | D:10     | Found a shimmering altar of Xom.
  9685 | Lair:1   | Entered Level 1 of the Lair of Beasts
  9747 | Lair:1   | Reached XP level 12. HP: 48/80 MP: 12/12
  9878 | Lair:1   | Noticed a death yak
  9889 | Lair:1   | Killed a death yak
  9890 | Lair:1   | Reached skill level 10 in Maces & Flails
 10015 | Lair:1   | Noticed Grum
 10035 | Lair:1   | Killed Grum
 10196 | Lair:1   | Noticed a death yak
 10197 | Lair:1   | Noticed a death yak
 10211 | Lair:1   | Killed a death yak
 10222 | Lair:1   | Killed a death yak
 10749 | Lair:2   | Noticed a five-headed hydra
 10757 | Lair:2   | Killed a five-headed hydra
 11285 | Lair:2   | Got Uplits's Even Neophytes Can Use Gnosis!
 11320 | Lair:2   | Found a staircase to the Shoals.
 11332 | Lair:2   | Reached XP level 13. HP: 86/86 MP: 13/13
 12068 | Lair:3   | Found a staircase to the Snake Pit.
 12286 | Lair:3   | Slain by an elephant

Illustrated notes

Levels and vault maps discovered:
D:1:      elethiomel_arrival_quiet, layout_rooms
D:2:      layout_basic, uniq_jessica, uniq_crazy_yiuf_cottage, uniq_terence,
          uniq_sigmund
D:3:      layout_basic, portal_sewer_entry_f, minmay_liquid_box,
          chequers_serial_rivers_micro_b
D:4:      nicolae_cairo_tiling_very_big, layout_basic, old_standard_altar
D:5:      minmay_inner_zag, layout_basic, nicolae_wu_jian_wuxing_cycle
D:6:      layout_loops_ring, kennysheep_mini_moat,
          chequers_temple_overflow_minitemple, gup_ossuary_entry_pyramid,
          nrook_mini_vaults, kennysheep_cross_bottleneck, uniq_pikel
D:7:      minmay_chambers_of_fours, layout_loops_ring,
          mainiacjoe_overflow_cross_hatched, kiku_gazebo_garden_becter,
          uniq_maurice
D:8:      minmay_evil_eye, layout_loops_corners, serial_demonic,
          serial_demonic_a, serial_demonic_f, serial_demonic_g, serial_demonic_d
D:9:      layout_cave_pools, mainiacjoe_overflow_paths,
          mainiacjoe_overflow_boulevard, minmay_lair_entry_grove
D:10:     layout_basic, regret_index_xom_buried_treasure, uniq_sonja
Temple:   jpeg_temple_clearing
Lair:1:   layout_gridlike, uniq_grum
Lair:2:   layout_layer_cave, minmay_shoals_entry_lonely_mermaid
Lair:3:   layout_roguey, minmay_snake_entry_guardpost_medium

Skill      XL: |  1  2  3  4  5  6  7  8  9 10 11 12 |
---------------+-------------------------------------+-----
Fighting       | 4 5 6 8 9 11 12 | 12.8
Maces & Flails | 3 4 5 7 8 9 11 | 11.5
Armour         | 4 5 7 8 9 11 12 | 12.8
Shields        | 4 5 6 8 9 11 12 | 12.8

Action                     |  1- 3 |  4- 6 |  7- 9 | 10-12 | 13-15 || total
---------------------------+-------+-------+-------+-------+-------++-------
  Melee: Flail             |   107 |   249 |   402 |   732 |   128 ||  1618
  Evoke: Wand              |       |       |       |     7 |       ||     7
    Use: Scroll            |       |     6 |     8 |     2 |       ||    16
         Potion            |       |       |       |       |     1 ||     1
   Stab: Distracted        |       |       |     1 |     5 |       ||     6
 Armour: Scale mail        |    85 |    16 |       |       |       ||   101
         Chain mail        |       |   196 |   217 |       |       ||   413
         Plate armour      |       |       |   109 |   795 |   247 ||  1151
  Dodge: Dodged            |    51 |   116 |   211 |   619 |   166 ||  1163
  Block: Buckler           |    35 |   117 |   206 |   535 |   117 ||  1010

Table legend: (Time is in decaauts)
 A = Elapsed time spent in this place.
 B = Non-inter-level travel time spent in this place.
 C = Inter-level travel time spent in this place.
 D = Time resting spent in this place.
 E = Time spent auto-exploring this place.
 F = Levels seen in this place.
 G = Mean time per level.
                   A        B        C        D        E       F      G
               +--------+--------+--------+--------+--------+-----+--------+
         Total |  13057 |  12494 |    563 |    261 |   8169 |  16 |  816.1 |
       Dungeon |   9425 |   8929 |    496 |    195 |   6102 |  10 |  942.5 |
        Temple |      1 |      1 |      0 |      0 |      0 |   1 |    1.0 |
          Lair |   2754 |   2687 |     67 |     66 |   1843 |   3 |  918.0 |
         Sewer |    383 |    383 |      0 |      0 |     25 |   1 |  383.0 |
       Ossuary |    491 |    491 |      0 |      0 |    198 |   1 |  491.0 |
               +--------+--------+--------+--------+--------+-----+--------+

Top non-repeatable levels by time:
     D:6: 1215 daAuts
  Lair:1: 1170 daAuts
     D:8: 1167 daAuts
     D:5: 1107 daAuts
  Lair:2: 1081 daAuts
    D:10: 929 daAuts
     D:7: 925 daAuts
     D:4: 912 daAuts
     D:3: 909 daAuts
     D:2: 821 daAuts
     D:9: 768 daAuts
     D:1: 669 daAuts
  Lair:3: 503 daAuts
 Ossuary: 491 daAuts
   Sewer: 383 daAuts
